 Dungeon Crawl Stone Soup version 0.17-a0-2069-g0f4ee5b (webtiles) character file.

109 derrpe the Magician (level 4, -6/27 HPs)
             Began as a High Elf Wizard on Oct 13, 2015.
             Mangled by Blork the orc
             ... wielding a +0 battleaxe
              (9 damage)
             ... on level 4 of the Dungeon.
             The game lasted 00:03:42 (2899 turns).

derrpe the Magician (High Elf Wizard)               Turns: 2899, Time: 00:03:42

Health: -6/27      AC:  2    Str:  6    XL:     4   Next: 60%
Magic:  2/20       EV: 12    Int: 23    God:
Gold:   90         SH:  0    Dex: 13    Spells: 5 memorised, 1 level left

rFire  . . .     SeeInvis .     i - +1 hunting sling (flame)
rCold  . . .     Clarity  .     a - +0 robe
rNeg   . . .     SustAt   .     (no shield)
rPois  .         Gourm    .     b - +1 hat
rElec  .         Spirit   .     (no cloak)
rCorr  .         Warding  .     (no gloves)
rMut   .         Rnd*Tele +     (no boots)
MR     .....                    (no amulet)
Stlth  ++........               (no ring)
                                f - ring of magical power

@: very slightly contaminated, repel missiles, not resistant to hostile
enchantments, unstealthy
A: deformed body, teleportitis 1
a: no special abilities


You were on level 4 of the Dungeon.
You were not hungry.

You visited 1 branch of the dungeon, and saw 4 of its levels.

You collected 90 gold pieces.

Inventory:

Hand Weapons
 i - a +1 hunting sling of flaming (weapon)
 o - a +0 dagger
Missiles
 j - 23 stones (quivered)
 n - 70 arrows
 q - 14 steel sling bullets
 v - 25 poisoned sling bullets
Armour
 a - a +0 robe (worn)
 b - a +1 hat (worn)
Jewellery
 f - a ring of magical power (left hand)
Wands
 e - a wand of enslavement (14)
 r - a wand of frost (33)
Scrolls
 h - a scroll of enchant weapon {unknown}
 l - a scroll of identify
 s - a scroll of enchant armour
 t - 2 scrolls of teleportation
 u - a scroll of random uselessness {unknown}
 y - a scroll of immolation {unknown}
Potions
 k - 2 potions of heal wounds {unknown}
 m - a potion of curing {unknown}
 w - a potion of ambrosia {unknown}
 x - a potion of cure mutation {unknown}
Books
 c - a book of Minor Magic

   Spells                             Type                      Level
   a - Magic Dart                     Conjuration                  1
   b - Blink                          Translocation                2
   c - Call Imp                       Summoning                    2
   d - Repel Missiles                 Charms/Air                   2
   e - Slow                           Hexes                        2
   f - Conjure Flame                  Conjuration/Fire             3
   g - Mephitic Cloud                 Conjuration/Poison/Air       3
Comestibles
 d - 2 bread rations {@e1}
 g - a royal jelly
 p - 3 meat rations {@e2}
 z - a chunk of flesh {@w0}


   Skills:
 - Level 2.1 Dodging
 - Level 2.1 Stealth
 - Level 4.0 Spellcasting
 - Level 3.0 Conjurations
 - Level 0.8 Summonings
 - Level 1.1 Translocations
 + Level 2.5 Air Magic
 + Level 1.4 Poison Magic


You had one spell level left.
You knew the following spells:

 Your Spells              Type           Power        Failure   Level  Hunger
a - Magic Dart            Conj           ###.         2%          1    None
b - Blink                 Tloc           N/A          12%         2    #......
c - Call Imp              Summ           #.......     14%         2    #......
d - Repel Missiles        Chrm/Air       ##....       12%         2    #......
e - Mephitic Cloud        Conj/Pois/Air  ###.....     14%         3    ##.....


Dungeon Overview and Level Annotations

Branches:
Dungeon (4/15)
 Temple: D:4-7

Altars:

Annotations:
D:4 Blork the orc


Innate Abilities, Weirdness & Mutations

Armour fits poorly on your strangely shaped body.
You are occasionally teleported to nearby monsters.


Message History

Aim: a worker ant (almost dead, confused)
The magic dart hits the worker ant.
You kill the worker ant!
Casting: Magic Dart
Confirm with . or Enter, or press ? or * to list all spells.
Aiming: Magic Dart
Press: ? - help, Shift-Dir - straight line, f - adder
Aim: an adder The magic dart hits something.
You hear some strange, mumbled words.
A puff of flame appears from out of thin air!
The puff of flame hits you! Something hits you!
* * * LOW HITPOINT WARNING * * *
Casting: Magic Dart
Confirm with . or Enter, or press ? or * to list all spells.
Aiming: Magic Dart
Press: ? - help, Shift-Dir - straight line, f/p - adder
Aim: an adder The magic dart hits something.
Something hits you!
You die...

....
###+##...
........#
........#
......#
.....#
#...# #...#
.....$.#(@#
....o..#{##
.......#S#
..a....#.#
.......#.#
.......#.#
.).....#.#
.># #.#


You could see an adder.

Vanquished Creatures
  A worker ant (D:4)
  Terence (D:2)
  An adder (D:2)
  An ooze (D:3)
  4 giant geckos
  3 ball pythons
  6 bats
  4 goblins
  9 hobgoblins
  3 quokkas
  2 giant cockroaches (D:1)
  2 giant newts
  3 jackals (D:1)
  4 kobolds
  7 rats
51 creatures vanquished.

Notes
Turn   | Place    | Note
--------------------------------------------------------------
     0 | D:1      | derrpe the High Elf Wizard began the quest for the Orb.
     0 | D:1      | Reached XP level 1. HP: 11/11 MP: 6/6
   370 | D:1      | Reached XP level 2. HP: 17/17 MP: 2/7
  1015 | D:1      | Reached skill level 4 in Spellcasting
  1127 | D:1      | Reached XP level 3. HP: 21/21 MP: 9/9
  1175 | D:1      | Learned a level 2 spell: Blink
  1178 | D:1      | Learned a level 2 spell: Call Imp
  1181 | D:1      | Learned a level 2 spell: Repel Missiles
  1185 | D:1      | Learned a level 3 spell: Mephitic Cloud
  1401 | D:1      | Gained mutation: Armour fits poorly on your strangely shaped body. [potion of mutation]
  1401 | D:1      | Gained mutation: You are occasionally teleported to nearby monsters. [potion of mutation]
  1803 | D:2      | Noticed Terence
  1812 | D:2      | Killed Terence
  1812 | D:2      | Reached skill level 1 in Air Magic
  1812 | D:2      | Reached skill level 1 in Poison Magic
  2024 | D:2      | Reached XP level 4. HP: 27/27 MP: 11/11
  2878 | D:4      | Noticed Blork the orc
  2899 | D:4      | Mangled by Blork the orc

Vault maps used:
D:1:      elethiomel_arrival_quiet
D:2:      grunt_decor_mini_mirrors, solitary_fountain, uniq_terence
D:4:      serial_shops, shop, uniq_blork_the_orc, uniq_natasha, uniq_menkaure,
          uniq_crazy_yiuf_cottage

Action                   |  1- 3 |  4- 6 || total
-------------------------+-------+-------++-------
Melee: Club              |     5 |       ||     5
       Whip              |     2 |       ||     2
 Fire: Hunting sling     |     2 |     2 ||     4
 Cast: Magic Dart        |    74 |    38 ||   112
       Repel Missiles    |     1 |       ||     1
       Mephitic Cloud    |       |     1 ||     1
  Use: Scroll            |     6 |       ||     6
       Potion            |     1 |       ||     1
 Stab: Sleeping          |     1 |       ||     1
  Eat: Chunk             |     3 |     3 ||     6
